 Dungeon Crawl Stone Soup version 0.31.0-9-g3a7656b989 (webtiles) character file.

Game seed: 7310042986259683098

44720 Arcadio the Thaumaturge (level 13, -3/86 HPs)
             Began as a Purple Draconian Fire Elementalist on Jan 24, 2024.
             Was a High Priest of Sif Muna.
             Splashed by a goliath frog's acid (10 damage)
             ... on level 5 of the Lair of Beasts.
             The game lasted 01:13:06 (21233 turns).

Arcadio the Thaumaturge (DrFE)                     Turns: 21233, Time: 01:13:07

Health: -3/86      AC: 11    Str: 11    XL:     13   Next: 97%
Magic:  18/31      EV: 16    Int: 24    God:    Sif Muna [*****.]
Gold:   409        SH:  0    Dex: 11    Spells: 27/40 levels left

rFire   + . .        S - +1 broad axe (distort)
rCold   x . .        (no shield)
rNeg    + . .        (body armour unavailable)
rPois   +            a - +0 hat {SInv}
rElec   +            w - +0 cloak
rCorr   .            l - +0 pair of gloves
SInv    +            M - +0 pair of boots
Will    +....        y - amulet of regeneration
Stlth   ++           z - ring "Waoloclo" {AC+4 Int+6}
HPRegen 1.14/turn    J - ring "Neosaun" {Fire +Blink rElec rPois rN+ Int-3}
MPRegen 0.22/turn

%: no passive effects
@: about to teleport, corroded
A: breathe power, AC +8, unfitting armour, cold-blooded
a: Breathe Dispelling Energy, Renounce Religion, Evoke Blink, Channel Magic,
Forget Spell, Divine Exegesis


You were on level 5 of the Lair of Beasts.
You worshipped Sif Muna.
Sif Muna was extremely pleased with you.
You visited 3 branches of the dungeon, and saw 17 of its levels.
You also visited: Ossuary.

You collected 917 gold pieces.
You spent 508 gold pieces at shops.

Inventory:

Hand Weapons
 m - the +1 dagger of Ipse Dixit {flame, MP+9 Dex+4}
   (You found it on level 3 of the Dungeon)

   Dex+4:     It affects your dexterity (+4).
   MP+9:      It affects your magic capacity (+9).
 v - a +2 dagger of pain
 D - the +5 war axe of Estom {freeze, Str+2 Int+3}
   (You found it on level 7 of the Dungeon)

   Str+2:     It affects your strength (+2).
   Int+3:     It affects your intelligence (+3).
 E - a +0 morningstar
 L - the +1 dagger of the Scorpion {venom, Str+3 Dex+2}
   (You found it on level 9 of the Dungeon)

   Str+3:     It affects your strength (+3).
   Dex+2:     It affects your dexterity (+2).
 S - a +1 broad axe of distortion (weapon)
Missiles
 h - 9 throwing nets (quivered)
Armour
 a - a +0 hat of see invisible (worn)
 l - a +0 pair of gloves (worn)
 w - a +0 cloak (worn)
 I - a +0 buckler
 M - a +0 pair of boots (worn)
Jewellery
 j - a ring of protection from fire
 y - an amulet of regeneration (around neck)
 z - the ring "Waoloclo" (left hand) {AC+4 Int+6}
   (You found it on level 7 of the Dungeon)

   [ring of protection]

   AC+4:      It affects your AC (+4).
   Int+6:     It affects your intelligence (+6).
 B - a ring of protection from fire
 J - the ring "Neosaun" (right hand) {Fire +Blink rElec rPois rN+ Int-3}
   (You found it on level 8 of the Dungeon)

   [ring of fire]

   Fire:      It enhances your fire magic.
   Int-3:     It affects your intelligence (-3).
   rF+:       It protects you from fire.
   rC-:       It makes you vulnerable to cold.
   rElec:     It insulates you from electricity.
   rPois:     It protects you from poison rN+: It protects you from negative
   energy.
   +Blink:    It lets you blink.
 O - a ring of protection from cold
Wands
 q - a wand of flame (40)
 P - a wand of mindburst (5)
 R - a wand of charming (3)
Scrolls
 b - a scroll of teleportation
 c - 8 scrolls of immolation
 g - a scroll of amnesia
 o - 2 scrolls of revelation
 p - 6 scrolls of enchant weapon
 t - 3 scrolls of brand weapon
 u - 2 scrolls of fog {unknown}
 x - 6 scrolls of vulnerability
 C - 3 scrolls of silence
 F - a scroll of fear
 N - 2 scrolls of blinking
 Q - 2 scrolls of enchant armour
Potions
 d - 5 potions of lignification
 e - 2 potions of enlightenment
 f - 6 potions of mutation
 i - 3 potions of cancellation
 k - 2 potions of ambrosia
 n - 5 potions of curing
 r - a potion of magic
 s - a potion of haste
 A - 3 potions of attraction
 G - 2 potions of resistance
 H - 2 potions of heal wounds {unknown}
 K - 2 potions of brilliance {unknown}


   Skills:
 + Level 12.0 Dodging
 - Level 1.7 Stealth
 + Level 14.1 Spellcasting
 - Level 3.6 Conjurations
 + Level 13.2 Fire Magic
 + Level 11.2 Invocations


You had 27 spell levels left.
You knew the following spells:

 Your Spells              Type           Power      Damage    Failure   Level
a - Foxfire               Conj/Fire      100%       2x1d9     1%          1
b - Scorch                Fire           100%       2d9       1%          2
c - Inner Flame           Hex/Fire       64%        N/A       1%          3
d - Volatile Blastmotes   Fire/Tloc      100%       2d18      1%          3
e - Flame Wave            Conj/Fire      72%        2d16      1%          4

Your spell library contained the following spells:

 Spells                   Type           Power      Damage    Failure   Level
 Call Imp                 Summ           34%        N/A       5%          2
 Cigotuvi's Dreadful Rot  Necr/Alch/Air  34%        N/A       5%          2
 Mercury Vapours          Alch/Air       34%        N/A       5%          2
 Mephitic Cloud           Conj/Alch/Air  22%        N/A       6%          3
 Call Canine Familiar     Summ           17%        N/A       11%         3
 Ozocubu's Armour         Ice            17%        N/A       11%         3
 Sigil of Binding         Hex            17%        N/A       11%         3
 Cause Fear               Hex            8%         N/A       34%         4
 Dimensional Bullseye     Hex/Tloc       8%         N/A       34%         4
 Dispel Undead            Necr           17%        3d10      34%         4
 Martyr's Knell           Necr/Summ      17%        N/A       34%         4
 Vhi's Electric Charge    Tloc/Air       34%        N/A       34%         4
 Arcjolt                  Conj/Air       12%        1d22      41%         5
 Freezing Cloud           Conj/Ice/Air   11%        6-21      50%         5
 Metabolic Englaciation   Hex/Ice        8%         N/A       67%         5
 Summon Forest            Summ/Tloc      8%         N/A       67%         5
 Summon Mana Viper        Hex/Summ       17%        N/A       67%         5
 Death Channel            Necr           8%         N/A       99%         6
 Sculpt Simulacrum        Ice/Alch       8%         N/A       99%         6
 Summon Cactus Giant      Summ           8%         N/A       99%         6
 Enfeeble                 Hex            8%         N/A       100%        7
 Malign Gateway           Summ/Tloc      8%         N/A       100%        7
 Monstrous Menagerie      Summ           8%         N/A       100%        7
 Summon Hydra             Summ           8%         N/A       100%        7
 Maxwell's Capacitive Co  Air            8%         ∞         100%        8


Dungeon Overview and Level Annotations

Branches:
Dungeon (11/15)            Temple (1/1) D:5            Lair (5/5) D:8
  Swamp (0/4) Lair:2        Snake (0/4) Lair:3        Slime (0/5) Lair:5
Ossuary (visited)
    Orc: D:9-12

Altars:
Ashenzari
Cheibriados
Dithmenos
Elyvilon
Fedhas
Gozag
Hepliaklqana
Kikubaaqudgha
Makhleb
Nemelex Xobeh
Okawaru
Qazlal
Ru
Sif Muna
Trog
Uskayaw
Vehumet
Wu Jian
Xom
Yredelemnul
Zin
The Shining One
Jiyva

Shops:
D:3 ?   D:8 =   D:9 (   D:10 *?*

Annotations:
D:8 3 runed translucent doors, Rwicked's ghost, novice DgSh
Lair:4 Rupert
Lair:5 exclusion: 2 oklob plants


Innate Abilities, Weirdness & Mutations

You can breathe bolts of dispelling energy.
Your rich purple scales are hard. (AC +8)
You cannot fit into any form of body armour.
You are cold-blooded and may be slowed by cold attacks.


Message History

Okay, then.
An oklob plant comes into view.
Marking area around an oklob plant as unsafe for travelling.
As you read the scroll of teleportation, it crumbles to dust.
You feel strangely unstable.
Your surroundings seem slightly different.
An oklob plant comes into view.
Marking area around an oklob plant as unsafe for travelling.
As you read the scroll of teleportation, it crumbles to dust.
You feel strangely unstable. The goliath frog hits you from afar!!
The acid corrodes you!
You are splashed with acid!
The oklob plant spits acid at you. The splash of acid hits you!!
* * * LOW HITPOINT WARNING * * *
Blink to where?
Press: ? - help, Dir - move target
As you read the scroll of blinking, it crumbles to dust.
Your surroundings suddenly seem different. 2 blink frogs come into view.
The blink frog moves out of view.
A blink frog is nearby!
The blink frog croaks.
You hear a croak.
The blink frog blinks!
A cane toad comes into view.
You are confused.
You feel invigorated.
The blink frog blinks!
You feel less invigorated.
You feel less confused.
The blink frog blinks!
The cane toad closely misses you.
A blink frog comes into view.
As you read the scroll of teleportation, it crumbles to dust.
You feel strangely unstable. The blink frog misses you.
The cane toad barely misses you. The goliath frog hits you from afar!!
* * * LOW HITPOINT WARNING * * *
You are splashed with acid!
You die...

#...###.†....## #.. ####
#.......# #. ###.....###
# ###.....# ## #
#.†...##.# #
##P.(...#####
###...P.#(## ###
#......#..÷ #@# ##
##........[
~P....FF.#...#....D....#
P~.......F..........#...
~~...............F######
~~................## #
#~.F..............§#
~~~...............##
~~......#...>...(.#
.P.P.....


You could see a goliath frog, a cane toad and 2 blink frogs.

Vanquished Creatures
  Gastronok (Lair:1)
  A hydra (Lair:2)
  A boulder beetle (Lair:2)
  4 death yaks
  A deep elf pyromancer (D:10)
  20 elephants
  Joseph (D:10)
  4 black mambas
  20 cane toads
  8 komodo dragons
  2 trolls
  2 polar bears
  3 hornets
  2 tyrant leeches
  18 blink frogs
  2 vampires
  A wraith (D:9)
  8 wyverns
  A basilisk (Lair:2)
  54 yaks
  5 vampire mosquitoes
  2 swamp worms (Lair:2)
  2 nagas (Lair:3)
  20 water moccasins
  6 orc warriors
  An ice beast (D:6)
  2 black bears
  A wolf (Lair:2)
  9 centaurs
  An ogre (D:7)
  3 phantoms (D:4)
  3 elf zombies (Ossuary)
  5 kobold brigands
  Blork the orc (D:6)
  4 gnoll sergeants
  10 bullfrogs
  2 scorpions
  3 wights (D:9)
  6 howler monkeys
  An electric eel (Lair:3)
  2 bombardier beetles
  3 lava snakes (D:9)
  2 centaur zombies (Ossuary)
  6 hounds
  4 gnoll boudas (D:9)
  2 human zombies (Ossuary)
  6 orc priests
  3 jellies
  2 sleepcaps (D:6)
  2 iguanas (D:4)
  5 orc wizards
  2 crocodile zombies (Ossuary)
  3 mummies (Ossuary)
  A scorpion simulacrum (Ossuary)
  9 adders
  29 gnolls
  5 hound simulacra (Ossuary)
  4 ufetubi
  2 spectral adders (Ossuary)
  3 ribbon worms
  4 spectral gnolls (Ossuary)
  2 dart slugs
  An adder simulacrum (Ossuary)
  36 orcs
  5 endoplasms
  2 giant cockroaches
  4 gnoll zombies (Ossuary)
  9 goblins
  9 hobgoblins
  8 jackals (D:9)
  25 kobolds
  13 ball pythons
  7 bats
  2 frilled lizards
  A gnoll simulacrum (Ossuary)
  2 jackal simulacra (Ossuary)
  6 kobold zombies (Ossuary)
  6 orc zombies (Ossuary)
  3 rats
  2 spectral jackals (Ossuary)
483 creatures vanquished.

Vanquished Creatures (collateral kills)
  An elephant (Lair:2)
1 creature vanquished.

Vanquished Creatures (others)
  An orc wizard (D:9)
  237 foxfires
238 creatures vanquished.

Grand Total: 722 creatures vanquished

Notes
Turn   | Place    | Note
-------+----------+-------------------------------------------
     0 | D:1      | Arcadio the Draconian Fire Elementalist began the quest for
                  | the Orb.
     0 | D:1      | Reached XP level 1. HP: 14/14 MP: 3/3
   155 | D:1      | Reached XP level 2. HP: 20/20 MP: 0/5
   418 | D:1      | Learned a level 2 spell: Scorch
   871 | D:2      | Reached XP level 3. HP: 26/26 MP: 4/6
  1615 | D:3      | Reached XP level 4. HP: 33/33 MP: 4/8
  1634 | D:3      | Reached skill level 3 in Spellcasting
  1787 | D:3      | Found Vyfuucu's Magic Scroll Shop.
  1806 | D:3      | Identified the +1 dagger of Ipse Dixit {flame, MP+9 Dex+4}
  1818 | D:3      | Bought a scroll of identify for 22 gold pieces
  1818 | D:3      | Bought a scroll of identify for 22 gold pieces
  1818 | D:3      | Bought a scroll of teleportation for 33 gold pieces
  1923 | D:3      | Reached XP level 5. HP: 27/38 MP: 9/9
  2308 | D:3      | Learned a level 3 spell: Inner Flame
  2312 | D:3      | Learned a level 3 spell: Volatile Blastmotes
  2378 | D:3      | Identified the +0 chain mail of the Game of Life {Will++}
  2480 | D:4      | Noticed a centaur
  2486 | D:4      | Killed a centaur
  2558 | D:4      | Noticed a phantom
  2567 | D:4      | Killed a phantom
  2568 | D:4      | Reached XP level 6. HP: 37/45 MP: 11/11
  2909 | D:4      | Found a sand-covered staircase.
  2932 | Ossuary  | Entered an ossuary
  3015 | Ossuary  | Reached skill level 4 in Spellcasting
  3174 | Ossuary  | Reached skill level 5 in Fire Magic
  3182 | Ossuary  | Your scales start taking on a rich purple colour.
  3182 | Ossuary  | Reached skill level 5 in Spellcasting
  3182 | Ossuary  | Reached XP level 7. HP: 34/50 MP: 10/14
  4197 | D:5      | Entered Level 5 of the Dungeon
  4224 | D:5      | Reached skill level 5 in Dodging
  4224 | D:5      | Reached skill level 6 in Spellcasting
  4237 | D:4      | Reached XP level 8. HP: 31/57 MP: 13/17
  4477 | D:4      | Learned a level 4 spell: Flame Wave
  4689 | D:5      | Found a radiant altar of Vehumet.
  4928 | D:5      | Found a staircase to the Ecumenical Temple.
  4937 | Temple   | Entered the Ecumenical Temple
  4949 | Temple   | Became a worshipper of Sif Muna the Loreminder
  5299 | D:5      | Reached skill level 7 in Spellcasting
  5873 | D:6      | Found an opulent altar of Gozag.
  5890 | D:6      | Noticed Blork the orc
  5896 | D:6      | Killed Blork the orc
  6554 | D:6      | Found a sacrificial altar of Ru.
  6713 | D:7      | Found a burning altar of Makhleb.
  6861 | D:7      | Reached * piety under Sif Muna
  6993 | D:7      | Identified the ring "Waoloclo" {AC+4 Int+6}
  7093 | D:7      | Reached XP level 9. HP: 62/62 MP: 20/20
  7220 | D:7      | Found a sparkling altar of Nemelex Xobeh.
  7557 | D:7      | Reached skill level 8 in Spellcasting
  7724 | D:7      | Identified the +5 war axe of Estom {freeze, Str+2 Int+3}
  8134 | D:3      | Bought a scroll of identify for 22 gold pieces
  8134 | D:3      | Bought a scroll of teleportation for 33 gold pieces
  8134 | D:3      | Bought a scroll of identify for 22 gold pieces
  8134 | D:3      | Bought a scroll of fear for 44 gold pieces
  8359 | D:7      | Reached ** piety under Sif Muna
  8612 | D:8      | Found a runed translucent gate.
  8615 | D:8      | Found a runed translucent gate.
  8615 | D:8      | Found a runed translucent gate.
  8617 | D:8      | Noticed Rwicked's ghost (novice DgSh)
  8873 | D:8      | Found an iron altar of Okawaru.
  8880 | D:8      | Found an ancient bone altar of Kikubaaqudgha.
  9017 | D:8      | Found a broken altar of Ashenzari.
  9112 | D:8      | Identified the ring "Neosaun" {Fire +Blink rElec rPois rN+
                  | Int-3}
  9139 | D:8      | Found Otse's Jewellery Boutique.
  9329 | D:8      | Found a staircase to the Lair.
  9400 | D:8      | Noticed a komodo dragon
  9413 | D:8      | Killed a komodo dragon
  9414 | D:8      | Reached skill level 1 in Invocations
  9582 | D:8      | Found a viscous altar of Jiyva.
  9653 | Lair:1   | Entered Level 1 of the Lair of Beasts
  9653 | Lair:1   | Noticed a cane toad
  9660 | D:8      | Killed a cane toad
  9661 | D:8      | Reached skill level 9 in Spellcasting
  9825 | D:7      | Reached XP level 10. HP: 69/69 MP: 22/23
 10331 | D:9      | Reached *** piety under Sif Muna
 11131 | D:9      | Found Okawyma's Antique Weapon Shoppe.
 11370 | D:9      | Reached skill level 10 in Spellcasting
 11437 | D:9      | Reached **** piety under Sif Muna
 11537 | D:9      | Reached skill level 5 in Invocations
 11732 | D:9      | Identified the +1 dagger of the Scorpion {venom, Str+3
                  | Dex+2}
 12067 | D:9      | Reached XP level 11. HP: 72/74 MP: 25/25
 12205 | D:10     | Entered Level 10 of the Dungeon
 12284 | D:10     | Identified the +7 mace of the Mosquito {heavy, rN+ Stlth+}
 12560 | D:10     | Found Ethreuni's Assorted Antiques.
 12565 | D:10     | Bought a cyan potion for 31 gold pieces
 12573 | D:10     | Found Kaqef's Magic Scroll Boutique.
 12586 | D:10     | Found Iniluum's Assorted Antiques.
 12592 | D:10     | Bought a scroll of blinking for 112 gold pieces
 12592 | D:10     | Bought a scroll of identify for 30 gold pieces
 12592 | D:10     | Bought a scroll of blinking for 112 gold pieces
 12598 | D:10     | Bought a scroll labelled HIEB XUBOXY for 25 gold pieces
 12670 | D:10     | Noticed a deep elf pyromancer
 12720 | D:10     | Killed a deep elf pyromancer
 13074 | D:10     | Noticed Joseph
 13248 | D:10     | Reached skill level 10 in Fire Magic
 13528 | D:10     | Killed Joseph
 13675 | D:10     | Found a glowing silver altar of Zin.
 13709 | D:10     | Found a glowing golden altar of the Shining One.
 13988 | Lair:1   | Reached skill level 11 in Spellcasting
 15025 | Lair:1   | Noticed Gastronok
 15069 | Lair:1   | Killed Gastronok
 15070 | Lair:1   | Reached XP level 12. HP: 61/81 MP: 16/27
 15215 | Lair:1   | Found a hide-covered altar of Uskayaw.
 15796 | Lair:1   | Reached skill level 10 in Dodging
 15828 | Lair:1   | Reached ***** piety under Sif Muna
 15973 | Lair:2   | Noticed a boulder beetle
 16159 | Lair:2   | Reached skill level 12 in Spellcasting
 16557 | Lair:2   | Noticed a six-headed hydra
 16578 | Lair:2   | Killed a six-headed hydra
 17204 | Lair:2   | Killed a boulder beetle
 17829 | Lair:2   | Found a staircase to the Swamp.
 17931 | Lair:3   | Noticed a death yak
 17932 | Lair:3   | Noticed a death yak
 17934 | Lair:3   | Noticed a death yak
 17940 | Lair:2   | Reached XP level 13. HP: 75/86 MP: 25/29
 18124 | Lair:2   | Reached skill level 13 in Spellcasting
 18653 | Lair:2   | Reached skill level 10 in Invocations
 19390 | Lair:3   | Found a staircase to the Snake Pit.
 20141 | Lair:4   | Received a gift from Sif Muna
 20156 | Lair:4   | Got Sif Muna's Quarto of the Faeries and the Throng {god
                  | gift}
 20471 | Lair:4   | Noticed Rupert
 20650 | Lair:5   | Entered Level 5 of the Lair of Beasts
 20849 | Lair:4   | Reached skill level 14 in Spellcasting
 21206 | Lair:5   | Found a staircase to the Slime Pits.
 21222 | Lair:5   | HP: 1/86 [oklob plant/splash of acid (22)]
 21233 | Lair:5   | Splashed by a goliath frog's acid

Illustrated notes

Levels and vault maps discovered:
D:1:      nicolae_arrival_memento_mori, layout_rooms,
          amcnicky_mini_corridor_feature, serial_park_tiny_1,
          nicolae_figureground_sparkle
D:2:      layout_rooms
D:3:      layout_loops_ring, serial_shops, shop, minmay_shallow_snake_nest
D:4:      layout_rooms, nicolae_ossuary_entry_false_entrances
D:5:      layout_cave_pods, minmay_temple_entry_sparse_star,
          kennysheep_decorative_pillar, minmay_ruined_shrine
D:6:      layout_basic, grunt_gozag_statues, kennysheep_mini, uniq_blork_the_orc
D:7:      layout_basic, nemelex_dance_club_becter,
          mainiacjoe_overflow_tiny_flanked, small_statue_intersection,
          grunt_ministairs_14
D:8:      layout_basic, mainiacjoe_overflow_concentric_impassable,
          mainiacjoe_overflow_big_doors, david_lair_shrubbed, serial_shops,
          nicolae_take_the_stairs, gammafunk_ghost_ooze
D:9:      layout_big_octagon, serial_gnoll_camp, gnoll_camp_mini_shop,
          gnoll_camp_huts_moat, gnoll_camp_mini_doghouse, gnoll_camp_mini_house,
          gnoll_camp_mini_hut, gnoll_camp_mini_basic, minmay_increasing_density
D:10:     layout_basic, jmf_multi_god_temple2, serial_shops, shop_statue,
          nicolae_shop_crystal, shop, uniq_joseph
D:11:     minmay_the_grid_octo_tiled_octocenter [minmay_the_grid_octo_focus,
          minmay_the_grid_octo_concentric, minmay_the_grid_octo_checkerflower,
          minmay_the_grid_octo_odd_swirl,
          minmay_the_grid_octo_prize_single_spiral,
          minmay_the_grid_square_5x5_slash, minmay_the_grid_square_5x5_minimal,
          minmay_the_grid_square_5x5_bracketed,
          minmay_the_grid_square_5x5_misaligned], layout_rooms, uniq_josephine
Temple:   hellmonk_temple_forest_ring
Lair:1:   layout_small_grid, basic_altar, grunt_megastairs_4, uniq_gastronok
Lair:2:   layout_loops_ring, palyth_hydra_swamp_entry, evilmike_ambush
          [evilmike_ambush_outer_basic, evilmike_ambush_inner_basic],
          lemuel_fruit_tree
Lair:3:   layout_misc_corridors, guppyfry_snake_entry_garden,
          serial_bayou_shore_a, grunt_megastairs_5
Lair:4:   layout_regular_city, serial_bayou_crossing, uniq_rupert
Lair:5:   minmay_lair_end_frog_pond, layout_concentric_octagons,
          minmay_slime_entry_oklob_open, st_stairs_7,
          pdpol_lair_cabin_in_the_woods

Skill      XL: |  1  2  3  4  5  6  7  8  9 10 11 12 13 |
---------------+----------------------------------------+-----
Dodging        | 2 3 4 5 6 7 8 9 11 12 | 12.0
Spellcasting   | 3 5 6 7 9 10 11 12 14 | 14.1
Fire Magic     | 4 5 6 7 8 9 10 12 13 | 13.2
Conjurations   | 3 |  3.6
Invocations    | 1 5 7 9 11 | 11.2
Stealth        | |  1.7

Action                     |  1- 3 |  4- 6 |  7- 9 | 10-12 | 13-15 || total
---------------------------+-------+-------+-------+-------+-------++-------
  Melee: Unarmed           |    14 |       |       |       |       ||    14
         Spear             |    20 |       |       |       |       ||    20
         Tailslap          |     3 |    25 |    22 |    13 |    10 ||    73
         Punch             |     1 |       |     3 |       |       ||     4
         Mace              |    10 |    28 |       |       |       ||    38
         Dagger            |       |   161 |   148 |   108 |    28 ||   445
         Broad axe         |       |       |       |       |    17 ||    17
  Throw: Throwing net      |       |       |       |     2 |       ||     2
   Cast: Foxfire           |    53 |     4 |    54 |    29 |     2 ||   142
         Scorch            |       |    29 |   187 |   367 |   185 ||   768
         Volatile Blastmot |       |       |     5 |    36 |     3 ||    44
         Flame Wave        |       |       |       |    22 |    30 ||    52
         Arcjolt           |       |       |       |     1 |       ||     1
 Invoke: Channel Magic     |       |       |       |     3 |     1 ||     4
         Divine Exegesis   |       |       |       |     1 |       ||     1
  Evoke: Wand              |       |       |       |     8 |     2 ||    10
    Use: Scroll            |       |     7 |    10 |     5 |     8 ||    30
         Potion            |       |     1 |       |     2 |     2 ||     5
   Stab: Sleeping          |       |     2 |       |       |       ||     2
         Distracted        |       |       |       |     1 |       ||     1
 Armour: Skin              |    31 |   141 |   233 |   381 |   172 ||   958
  Dodge: Dodged            |    47 |   163 |   273 |   414 |   241 ||  1138
